 Dungeon Crawl Stone Soup version 0.24-a0-459-g225fefd530 (webtiles) character file.

Game seed: 13629901792983929218

143059 Peloso the Peltast (level 16, -1/151 HPs)
             Began as a Minotaur Fighter on June 29, 2019.
             Was the Champion of Okawaru.
             Slain by a tentacle (14 damage)
             ... attached to a kraken
             ... on level 4 of the Shoals.
             The game lasted 01:34:53 (33955 turns).

Peloso the Peltast (Minotaur Fighter)              Turns: 33955, Time: 01:34:54

Health: -1/151     AC: 25    Str: 32    XL:     16   Next: 81%
Magic:  16/16      EV: 13    Int:  5    God:    Okawaru [******]
Gold:   2242       SH: 22    Dex: 12    Spells: 15/15 levels left

rFire    + . .     SeeInvis .   a - +4 demon blade "Ukauger" {pain, rN+ Str+6}
rCold    + . .     Gourm    .   K - +0 shield
rNeg     + . .     Faith    .   N - +1 chain mail of Eternal Night {rCorr}
rPois    .         Spirit   .   w - +2 hat {MR+}
rElec    .         Reflect  +   B - scarf {rC+ rF+}
rCorr    +         Harm     .   e - +0 pair of gloves
MR       +++..                  l - +2 pair of boots
Stlth    ..........             u - +5 amulet of reflection
HPRegen  0.35/turn              s - +4 ring of protection
MPRegen  0.15/turn              m - ring of protection from magic

@: very slow
A: retaliatory headbutt, horns 2
a: Heroism, Finesse, Renounce Religion


You were on level 4 of the Shoals.
You worshipped Okawaru.
Okawaru was exalted by your worship.
You were very hungry.

You visited 5 branches of the dungeon, and saw 28 of its levels.
You also visited: Sewer.

You collected 3434 gold pieces.
You spent 1192 gold pieces at shops.

Inventory:

Hand Weapons
 a - the +4 demon blade "Ukauger" (weapon) {pain, rN+ Str+6}
   (Okawaru gifted it to you on level 2 of the Orcish Mines)

   In the hands of one skilled in necromantic magic, it inflicts extra damage on
   living creatures.
   It affects your strength (+6).
   It protects you from negative energy.
 b - a +1 scimitar of flaming
 c - the +8 hand crossbow "Exkuav" {flame, rF+ Int+4}
   (Okawaru gifted it to you on level 8 of the Dungeon)

   It causes projectiles fired from it to burn those they strike, causing extra
   injury to most foes and up to half again as much damage against particularly
   susceptible opponents.
   It affects your intelligence (+4).
   It protects you from fire.
 G - a +1 demon blade of draining
Missiles
 R - 275 bolts
Armour
 d - a +1 hat of intelligence
 e - a +0 pair of gloves (worn)
 h - the +0 scale mail of Raise {+Fly rF+ Str+7 Dex-5}
   (You found it on level 15 of the Dungeon)

   It affects your strength (+7).
   It affects your dexterity (-5).
   It protects you from fire.
   It lets you fly.
 l - a +2 pair of boots (worn)
 w - a +2 hat of magic resistance (worn)
 B - a scarf of resistance (worn)
 K - a +0 shield (worn)
 N - the +1 chain mail of Eternal Night (worn) {rCorr}
   (You found it on level 9 of the Dungeon)

   It provides partial protection from all sources of acid and corrosion.
Jewellery
 m - a ring of protection from magic (right hand)
 p - the amulet "Juff" {Gourm rElec}
   (You bought it in a shop on level 2 of the Orcish Mines)

   [amulet of the gourmand]

   It allows you to eat raw meat even when not hungry.
   It insulates you from electricity.
 s - a +4 ring of protection (left hand)
 u - a +5 amulet of reflection (around neck)
 J - the amulet of Dearr {Gourm rC+ Int+4 Dex+3 Slay+3}
   (You found it on level 6 of the Lair of Beasts)

   [amulet of the gourmand]

   It allows you to eat raw meat even when not hungry.
   It affects your intelligence (+4).
   It affects your dexterity (+3).
   It affects your accuracy and damage with ranged weapons and melee attacks
   (+3).
   It protects you from cold.
Wands
 F - a wand of digging (2)
 L - a wand of polymorph (9)
 O - a wand of iceblast (9)
 P - a wand of acid (7)
Scrolls
 g - 15 scrolls of teleportation
 i - 9 scrolls of remove curse
 j - 6 scrolls of identify
 o - 2 scrolls of noise
 v - 2 scrolls of blinking
 x - 6 scrolls of fear
 y - 11 scrolls of magic mapping
 C - 2 scrolls of enchant armour
 I - 4 scrolls of fog
 S - a scroll of brand weapon
Potions
 k - 3 potions of resistance
 n - 2 potions of magic
 q - 2 potions of heal wounds
 r - 2 potions of haste
 t - a potion of invisibility
 z - 3 potions of curing
 A - 2 potions of agility
 D - a potion of brilliance
 E - 2 potions of berserk rage
 H - 5 potions of flight
 M - a potion of ambrosia
 Q - a potion of mutation
Comestibles
 f - 39 rations


   Skills:
 + Level 15.8 Fighting
 + Level 17.6 Long Blades
 + Level 3.2 Crossbows
 + Level 0.7 Throwing
 + Level 15.2 Armour
 + Level 7.0 Dodging
 + Level 1.7 Stealth
 + Level 19.8 Shields
 + Level 1.4 Invocations
 + Level 1.0 Evocations


You had 15 spell levels left.
You didn't know any spells.
Your spell library contained the following spells:

 Spells                   Type           Power        Failure   Level  Hunger
 Apportation              Tloc           #.....       85%         1    ##.....
 Corona                   Hex            #......      85%         1    ##.....
 Magic Dart               Conj           #...         85%         1    ##.....
 Sandblast                Erth           #.....       85%         1    ##.....
 Summon Butterflies       Summ           #.......     85%         1    ##.....
 Summon Small Mammal      Summ           #...         85%         1    ##.....
 Blink                    Tloc           N/A          94%         2    ###....
 Call Imp                 Summ           #.......     94%         2    ###....
 Passwall                 Tmut/Erth      #.......     94%         2    ###....
 Shroud of Golubria       Chrm/Tloc      #.....       94%         2    ###....
 Slow                     Hex            #.......     94%         2    ###....
 Call Canine Familiar     Summ           #.......     99%         3    ####...
 Conjure Flame            Conj/Fire      #.......     99%         3    ####...
 Gell's Gravitas          Tloc           #.........   99%         3    ####...
 Inner Flame              Hex/Fire       #.......     99%         3    ####...
 Lesser Beckoning         Tloc           #.........   99%         3    ####...
 Mephitic Cloud           Conj/Pois/Air  #.......     99%         3    ####...
 Portal Projectile        Hex/Tloc       #.....       99%         3    ####...
 Stone Arrow              Conj/Erth      #.....       99%         3    ####...
 Summon Guardian Golem    Hex/Summ       #.......     99%         3    ####...
 Teleport Other           Tloc           #.......     99%         3    ####...
 Tukima's Dance           Hex            #.......     99%         3    ####...
 Cause Fear               Hex            #.........   100%        4    #####..
 Ice Form                 Ice/Tmut       #.......     100%        4    #####..
 Leda's Liquefaction      Hex/Erth       #.........   100%        4    #####..
 Passage of Golubria      Tloc           N/A          100%        4    #####..
 Petrify                  Tmut/Erth      #.......     100%        4    #####..
 Summon Ice Beast         Ice/Summ       #.......     100%        4    #####..
 Summon Lightning Spire   Summ/Air       #.......     100%        4    #####..
 Alistair's Intoxication  Tmut/Pois      #.......     100%        5    ######.
 Aura of Abjuration       Summ           #.........   100%        5    ######.
 Bolt of Magma            Conj/Fire/Erth #.........   100%        5    ######.
 Iskenderun's Battlesphe  Conj/Chrm      #.......     100%        5    ######.
 Lee's Rapid Deconstruct  Erth           #.........   100%        5    ######.
 Metabolic Englaciation   Hex/Ice        #.........   100%        5    ######.
 Silence                  Hex/Air        #.........   100%        5    ######.
 Summon Demon             Summ           #.........   100%        5    ######.
 Summon Mana Viper        Hex/Summ       #.......     100%        5    ######.
 Venom Bolt               Conj/Pois      #.........   100%        5    ######.
 Bolt of Cold             Conj/Ice       #.........   100%        6    #######
 Freezing Cloud           Conj/Ice/Air   #.........   100%        6    #######
 Invisibility             Hex            #.......     100%        6    #######
 Iron Shot                Conj/Erth      #.........   100%        6    #######
 Ozocubu's Refrigeration  Ice            #.........   100%        6    #######
 Simulacrum               Ice/Necr       #.........   100%        6    #######
 Orb of Destruction       Conj           #.........   100%        7    #######
 Ring of Flames           Chrm/Fire      #.........   100%        7    #######
 Spellforged Servitor     Conj/Summ      #.........   100%        7    #######
 Summon Hydra             Summ           #.........   100%        7    #######
 Discord                  Hex            #.........   100%        8    #######


Dungeon Overview and Level Annotations

Branches:
Dungeon (15/15) Temple (1/1) D:4 Lair (6/6) D:9 Shoals (4/4) Lair:4 Snake (0/4) Lair:2 Slime (0/5) Lair:5 Orc (2/2) D:11 Elf (0/3) Orc:2 Vaults (0/5) D:12 D:13 Depths (0/5) D:15

Altars:
Ashenzari
Dithmenos
Elyvilon
Fedhas
Gozag
Kikubaaqudgha
Makhleb
Okawaru
Qazlal
Ru
Sif Muna
Trog
Uskayaw
Vehumet
Wu Jian
Xom
Yredelemnul
Zin
Beogh
Jiyva

Shops:
D:5 }   D:8 *   Orc:2 :=:[

Annotations:
Lair:2 3 runed translucent doors, Ciosoule's ghost, journeyman FoFi; anet's ghost, journeyman DEWz


Innate Abilities, Weirdness & Mutations

You reflexively headbutt those who attack you in melee.
You have a pair of horns on your head.


Message History

You slice the kraken!! You headbutt the kraken!
The kraken is severely wounded.
The tentacle completely misses you. You furiously retaliate!
You headbutt the tentacle!
You riposte.
You slash the tentacle!
You headbutt the tentacle, but do no damage.
The tentacle is heavily wounded.
The tentacle closely misses you. You block the kraken's attack.
You block the tentacle's attack. x2
You hit the kraken.
You headbutt the kraken, but do no damage.
The kraken is almost dead.
You block the tentacle's attack. x2; The tentacle closely misses you.
A tentacle segment bursts forth from the water.
The tentacle slaps you but does no damage.
The kraken squirts a massive cloud of ink into the water!
Your unstable footing causes you to fumble your attack.
You block the tentacle's attack.
The tentacle slaps you but does no damage.
The tentacle misses you. The tentacle slaps you!
You die...

##### ≈≈≈≈## ≈≈≈(...#
.≈≈≈≈## ≈≈≈≈ .......#≈
≈≈≈≈≈# ≈≈≈≈≈ #.≈≈...#≈≈
#≈#§≈# ≈≈≈≈≈
#≈≈...#≈≈≈##§§≈|#≈≈≈≈≈≈
#≈≈..#≈≈≈§ww§#≈#≈≈≈≈≈≈
#≈≈..#≈≈≈#X@§§≈#≈≈≈≈≈≈
#≈≈..##≈.§w#w§#≈≈≈≈≈≈≈
#≈≈...##≈─§≈§#≈≈≈≈≈≈≈≈
#≈.....######)≈≈≈≈≈≈≈≈
##≈...(...≈)≈)≈≈≈≈≈≈≈≈.
#≈≈≈≈..(.))≈≈≈≈≈≈≈≈≈≈≈.
####≈≈..≈≈....≈≈≈≈≈≈≈≈≈≈≈≈.
≈≈≈≈≈≈..≈≈≈≈≈≈≈≈≈≈≈≈≈≈≈≈≈..
.≈≈≈≈≈≈≈≈≈≈≈.≈≈≈≈≈≈≈≈≈≈....


You could see a kraken and 4 tentacles.

Vanquished Creatures
  Jorgrun (D:14)
  The ghost of Jaor the Earth Mage, an adept OpEE of Sif Muna (Shoals:1)
  Gastronok (D:10)
  An orc warlord (D:11)
  The ghost of Shaidar the Bludgeoner, a journeyman GrFi of Makhleb (Orc:2)
  Snorg (Lair:3)
  5 merfolk impalers
  A merfolk javelineer (Shoals:4)
  Josephine (D:14)
  A yaktaur captain (D:15)
  3 hydras
  2 merfolk avatars
  4 merfolk aquamancers
  8 centaur warriors
  An alligator snapping turtle (Shoals:2)
  Erica (D:10)
  6 two-headed ogres
  2 satyrs
  9 death yaks
  6 orc high priests (Orc:2)
  Sonja (Lair:4)
  10 sea snakes
  3 orc knights
  2 unseen horrors
  6 ugly things
  An orc sorcerer (Orc:1)
  A wolf spider (D:13)
  10 harpies
  3 oklob plants
  11 fauns
  3 deep elf magi
  4 cyclopes
  A spectral alligator snapping turtle (Shoals:1)
  7 manticores
  3 elephants (Lair:2)
  A moth of wrath (Orc:2)
  6 black mambas
  3 merfolk sirens
  7 water nymphs
  3 centaur skeletons
  2 rime drakes
  2 yaktaurs (D:15)
  26 spiny frogs
  13 komodo dragons
  3 spectral merfolk (Shoals:1)
  A tengu conjurer (D:10)
  A spectral harpy (Shoals:1)
  19 merfolk
  6 meliai
  2 wind drakes
  9 trolls
  2 polar bears (Lair:6)
  2 tyrant leeches (Lair:6)
  A hornet (D:11)
  21 blink frogs
  A wolf spider simulacrum (D:15)
  11 dream sheep (Lair:6)
  15 hippogriffs
  10 slime creatures
  10 snapping turtles
  A spectral manticore (Shoals:1)
  Sigmund (D:2)
  2 vampires
  2 wyverns
  31 yaks
  6 wraiths
  2 basilisks (D:15)
  14 water elementals
  16 humans (D:12)
  3 hungry ghosts
  12 vampire mosquitoes
  16 wargs
  An acid dragon (D:11)
  15 water moccasins
  A spectral snapping turtle (Shoals:1)
  5 porcupines
  A black bear (D:9)
  2 ice beasts
  3 phantoms
  21 orc warriors
  5 sky beasts
  An eye of draining (D:12)
  5 boggarts (D:15)
  A merfolk simulacrum (Shoals:1)
  17 ogres
  A necrophage (D:11)
  18 centaurs
  6 wolves (Lair:3)
  20 crocodiles
  8 big kobolds
  25 bullfrogs
  Blork the orc (D:6)
  4 gnoll sergeants (D:11)
  A wyvern zombie (D:13)
  A water nymph simulacrum (Shoals:1)
  8 scorpions
  4 killer bees (D:11)
  15 wights
  4 electric eels
  5 howler monkeys
  9 crimson imps
  A bullfrog zombie (D:8)
  4 jellies
  3 centaur zombies
  2 quasits
  2 bullfrog skeletons
  42 orc priests
  8 hounds
  16 orc wizards
  An iguana (D:10)
  9 worker ants
  A centaur simulacrum (Shoals:1)
  2 hound zombies
  3 hound skeletons
  2 worker ant zombies (D:7)
  Robin (D:2)
  2 howler monkey skeletons
  14 gnolls
  24 adders
  4 river rats (Sewer)
  2 shadow imps
  3 oozes
  3 adder zombies
  3 adder skeletons
  2 worms (D:2)
  2 dart slugs (D:1)
  3 leopard geckos
  108 orcs
  7 giant cockroaches
  19 goblins
  8 hobgoblins
  12 jackals
  25 kobolds
  5 quokkas
  9 ball pythons (Sewer)
  5 bats
  13 frilled lizards
  A quokka skeleton (D:5)
  A quokka zombie (D:6)
  26 rats
  A bush (Lair:1)
  4 fungi
  3 plants
1019 creatures vanquished.

Vanquished Creatures (others)
  A satyr (Shoals:2)
  A faun (Shoals:3)
  2 centaurs (Shoals:1)
  An orc (D:11)
  15 fungi
  29 plants
  4 tentacles (Shoals:4)
53 creatures vanquished.

Grand Total: 1072 creatures vanquished

Notes
Turn   | Place    | Note
-------+----------+-------------------------------------------
     0 | D:1      | Peloso the Minotaur Fighter began the quest for the Orb.
     0 | D:1      | Reached XP level 1. HP: 19/19 MP: 0/0
   153 | D:1      | Reached skill level 4 in Shields
   153 | D:1      | Reached XP level 2. HP: 16/27 MP: 1/1
   342 | D:1      | Reached XP level 3. HP: 30/33 MP: 2/2
   684 | D:2      | Reached skill level 1 in Dodging
   739 | D:2      | Reached XP level 4. HP: 39/40 MP: 3/3
   766 | D:2      | Found a shattered altar of Ashenzari.
   777 | D:2      | Noticed Sigmund
   789 | D:2      | Killed Sigmund
   789 | D:2      | Reached skill level 5 in Shields
   789 | D:2      | Reached XP level 5. HP: 47/47 MP: 4/4
   825 | D:2      | Reached XP level 6. HP: 46/53 MP: 5/5
   835 | D:2      | Noticed Robin
   866 | D:2      | Killed Robin
  1229 | D:2      | Found a burning altar of Makhleb.
  1295 | D:2      | Found a hide-covered altar of Uskayaw.
  1596 | D:2      | Found a faded altar of an unknown god.
  1853 | D:3      | Found a bloodstained altar of Trog.
  2519 | D:4      | Reached skill level 6 in Shields
  2534 | D:4      | Found a staircase to the Ecumenical Temple.
  2574 | Temple   | Entered the Ecumenical Temple
  2692 | Temple   | Became a worshipper of Warmaster Okawaru
  2847 | D:4      | Reached skill level 5 in Armour
  2860 | D:4      | Found an opulent altar of Gozag.
  2958 | D:4      | Reached skill level 5 in Long Blades
  3129 | D:4      | Reached XP level 7. HP: 60/60 MP: 6/6
  3184 | D:5      | Entered Level 5 of the Dungeon
  3184 | D:5      | Found a sacrificial altar of Ru.
  3203 | D:5      | Found a stormy altar of Qazlal.
  3389 | D:5      | Reached * piety under Okawaru
  3389 | D:5      | Reached skill level 5 in Fighting
  3604 | D:5      | Reached XP level 8. HP: 66/68 MP: 7/7
  3731 | D:5      | Reached skill level 7 in Shields
  4042 | D:5      | Found Votzew's Gadget Shoppe.
  4082 | D:6      | Found a glowing drain.
  4113 | Sewer    | Entered a sewer
  4508 | D:6      | Found an ancient bone altar of Kikubaaqudgha.
  4533 | D:6      | Reached ** piety under Okawaru
  4726 | D:6      | Reached skill level 8 in Shields
  4780 | D:6      | Noticed Blork the orc
  4810 | D:6      | Killed Blork the orc
  4859 | D:6      | Reached XP level 9. HP: 31/75 MP: 8/8
  6033 | D:7      | Reached *** piety under Okawaru
  6216 | D:7      | Reached skill level 9 in Shields
  6277 | D:7      | Reached skill level 10 in Long Blades
  6518 | D:8      | Found a shadowy altar of Dithmenos.
  6586 | D:8      | You fall into a shaft and drop 3 floors!
  6784 | D:11     | Reached **** piety under Okawaru
  6797 | D:11     | Noticed a two-headed ogre
  6979 | D:10     | Entered Level 10 of the Dungeon
  6985 | D:10     | Reached XP level 10. HP: 84/84 MP: 9/9
  7041 | D:10     | Noticed Erica
  7056 | D:10     | Killed Erica
  7056 | D:10     | Received a gift from Okawaru
  7113 | D:10     | Found an iron altar of Okawaru.
  7211 | D:10     | Noticed Gastronok
  7232 | D:10     | Killed Gastronok
  7232 | D:10     | Reached ***** piety under Okawaru
  7232 | D:10     | Reached skill level 10 in Shields
  7426 | D:9      | Found a glowing silver altar of Zin.
  7528 | D:8      | Found Zin's Purification Station.
  7542 | D:8      | Found a glowing silver altar of Zin.
  7898 | D:9      | Reached XP level 11. HP: 87/94 MP: 10/10
  7918 | D:9      | Received a gift from Okawaru
  8107 | D:9      | Found a staircase to the Lair.
  8107 | D:9      | Noticed a death yak
  8107 | D:9      | Noticed a death yak
  8107 | D:9      | Noticed a death yak
  8147 | D:8      | Killed a death yak
  8417 | D:8      | Reached skill level 11 in Shields
  8423 | D:8      | Killed a death yak
  8423 | D:8      | Reached skill level 10 in Armour
  8655 | D:8      | Received a gift from Okawaru
  8669 | D:8      | Got a scorched hand crossbow {god gift}
  8670 | D:8      | Identified the +8 hand crossbow "Exkuav" {flame, rF+ Int+4}
                  | (Okawaru gifted it to you on level 8 of the Dungeon)
  8692 | D:9      | Killed a death yak
  8932 | D:9      | Identified the +2 robe of Defence {Str+4}
  9099 | D:9      | Got a fine chain mail
  9110 | D:9      | Identified the cursed +1 chain mail of Eternal Night
                  | {rCorr} (You found it on level 9 of the Dungeon)
  9376 | D:10     | Noticed a white ugly thing
  9395 | D:10     | Killed a white ugly thing
  9428 | D:10     | Received a gift from Okawaru
  9567 | D:10     | Noticed a deep elf mage
  9596 | D:11     | Killed a two-headed ogre
  9603 | D:11     | Reached skill level 12 in Shields
  9981 | D:10     | Killed a deep elf mage
  9996 | D:10     | HP: 4/97 [something/vampiric draining (10)]
 10443 | D:10     | Identified Iquaciowk's Tome of Companions
 10505 | D:10     | Reached XP level 12. HP: 92/104 MP: 11/11
 10894 | D:11     | Found a bloodstained altar of Trog.
 11124 | D:11     | Found a staircase to the Orcish Mines.
 11497 | D:12     | Received a gift from Okawaru
 11559 | D:12     | Noticed a two-headed ogre
 11572 | D:12     | Killed a two-headed ogre
 11580 | D:12     | Reached skill level 1 in Stealth
 11933 | D:12     | Reached skill level 10 in Fighting
 11946 | D:12     | Reached skill level 1 in Crossbows
 12400 | Lair:1   | Entered Level 1 of the Lair of Beasts
 12458 | Lair:1   | Reached skill level 13 in Shields
 13609 | Lair:1   | Got an ichor-stained hunting sling
 13610 | Lair:1   | Identified the +11 hunting sling "Vigothre" {velocity, rF-
                  | rC+ rN++ Str+4} (You found it on level 1 of the Lair of
                  | Beasts)
 14088 | Lair:2   | Found a runed translucent gate.
 14089 | Lair:2   | Found a runed translucent gate.
 14094 | Lair:2   | Got a smoking cloak
 14105 | Lair:2   | Identified the +2 cloak of the Crown {rC- Regen+ Int+3}
                  | (You found it on level 2 of the Lair of Beasts)
 14158 | Lair:2   | Found a runed translucent gate.
 14162 | Lair:2   | Noticed anet's ghost (journeyman DEWz)
 14162 | Lair:2   | Noticed Ciosoule's ghost (journeyman FoFi)
 14191 | Lair:2   | Found a staircase to the Snake Pit.
 14820 | Lair:2   | Reached XP level 13. HP: 102/114 MP: 12/12
 14985 | Lair:2   | Reached ****** piety under Okawaru
 14985 | Lair:2   | Reached skill level 15 in Long Blades
 15021 | Lair:2   | Found the +8 whip "Snakebite" {curare, rPois}
 15828 | Lair:3   | Noticed Snorg
 15860 | Lair:3   | Received a gift from Okawaru
 15860 | Lair:3   | Reached skill level 14 in Shields
 15872 | Lair:3   | Killed Snorg
 17359 | Lair:4   | Noticed Sonja
 17368 | Lair:4   | Killed Sonja
 17561 | Lair:4   | Found a staircase to the Shoals.
 17582 | Lair:4   | Reached skill level 5 in Dodging
 17683 | Lair:5   | Found a viscous altar of Jiyva.
 17683 | Lair:5   | Found a staircase to the Slime Pits.
 17785 | Lair:5   | Identified a scroll of acquirement
 18541 | D:13     | Found a gate to the Vaults.
 18829 | D:12     | Received a gift from Okawaru
 19238 | D:12     | Reached skill level 15 in Shields
 19238 | D:12     | Reached skill level 1 in Evocations
 19245 | D:12     | Received a gift from Okawaru
 19929 | D:13     | Reached XP level 14. HP: 108/125 MP: 13/13
 20033 | D:13     | Received a gift from Okawaru
 20491 | D:13     | Identified the Tome of the Captivating Blaze
 21137 | D:14     | Noticed Jorgrun
 21165 | D:14     | Killed Jorgrun
 21327 | D:14     | Reached skill level 16 in Shields
 21350 | D:14     | Noticed Josephine
 21361 | D:14     | Killed Josephine
 22214 | Orc:1    | Entered Level 1 of the Orcish Mines
 22214 | Orc:1    | Noticed an orc warlord
 22251 | D:11     | Killed an orc warlord
 22251 | D:11     | Reached skill level 1 in Invocations
 22679 | Orc:1    | Found a bloodstained altar of Trog.
 22734 | Orc:2    | Entered Level 2 of the Orcish Mines
 22767 | Orc:2    | Received a gift from Okawaru
 22794 | Orc:2    | Got a fine demon blade {god gift}
 22795 | Orc:2    | Identified the +4 demon blade "Ukauger" {pain, rN+ Str+6}
                  | (Okawaru gifted it to you on level 2 of the Orcish Mines)
 22873 | Orc:2    | Found a transporter.
 22874 | Orc:2    | Noticed Shaidar's ghost (journeyman GrFi)
 22887 | Orc:2    | Found a transporter.
 23261 | Orc:2    | Found a roughly hewn altar of Beogh.
 23297 | Orc:2    | Found Nonn's Book Shoppe.
 23311 | Orc:2    | Found Foattetz's Jewellery Boutique.
 23311 | Orc:2    | Found Muadoexa's Book Shoppe.
 23631 | Orc:2    | Bought the amulet "Juff" {Gourm rElec} for 616 gold pieces
 24026 | Orc:2    | Found a staircase to the Elven Halls.
 24075 | Orc:2    | Found Tuixi's Antique Armour Boutique.
 24140 | Orc:2    | Found a roughly hewn altar of Beogh.
 24934 | Orc:2    | Killed Shaidar's ghost
 24946 | Orc:2    | Got a shimmering tin amulet
 24960 | Orc:2    | Identified the amulet "Foff" {Spirit Str+3} (You found it
                  | on level 2 of the Orcish Mines)
 25522 | Lair:6   | Entered Level 6 of the Lair of Beasts
 25586 | Lair:6   | Reached XP level 15. HP: 115/136 MP: 14/14
 25599 | Lair:6   | Reached skill level 17 in Shields
 25616 | Lair:6   | Received a gift from Okawaru
 25638 | Lair:6   | Got a pair of dazzling gloves {god gift}
 25652 | Lair:6   | Identified the +1 pair of gloves of the Tortoise {rN+++
                  | Str-5 Slay+4} (Okawaru gifted it to you on level 6 of the
                  | Lair of Beasts)
 27085 | Lair:6   | Got a steaming ruby amulet
 27093 | Lair:6   | Got a polished hunting sling
 27109 | Lair:6   | Identified the amulet of Dearr {Gourm rC+ Int+4 Dex+3
                  | Slay+3} (You found it on level 6 of the Lair of Beasts)
 27476 | Lair:1   | Identified the +3 hunting sling "Busch" {flame, rF- Str+4
                  | Dex+5} (You found it on level 6 of the Lair of Beasts)
 27644 | D:15     | Entered Level 15 of the Dungeon
 27889 | D:15     | Got a blackened scale mail
 27909 | D:15     | Identified the cursed +0 scale mail of Raise {+Fly rF+
                  | Str+7 Dex-5} (You found it on level 15 of the Dungeon)
 27970 | D:15     | Received a gift from Okawaru
 28169 | D:15     | Reached skill level 18 in Shields
 28198 | D:15     | Found a white marble altar of Elyvilon.
 28722 | D:15     | Found a staircase to the Depths.
 29084 | Orc:2    | Bought a +5 amulet of reflection for 576 gold pieces
 29271 | Shoals:1 | Entered Level 1 of the Shoals
 29784 | Shoals:1 | Reached XP level 16. HP: 100/147 MP: 16/16
 29854 | Shoals:1 | Found a runed translucent gate.
 29854 | Shoals:1 | Found a runed translucent gate.
 29854 | Shoals:1 | Found a runed translucent gate.
 29871 | Shoals:1 | Noticed Jaor's ghost (adept OpEE)
 30034 | Shoals:1 | HP: 7/147 [drowned by a water nymph (9)]
 30640 | Shoals:1 | Killed Jaor's ghost
 30652 | Shoals:1 | Received a gift from Okawaru
 30819 | Shoals:2 | Reached skill level 15 in Fighting
 31174 | Shoals:2 | Reached skill level 19 in Shields
 31880 | Shoals:2 | Reached skill level 15 in Armour
 33066 | Shoals:4 | Entered Level 4 of the Shoals
 33172 | Shoals:4 | Received a gift from Okawaru
 33463 | Shoals:4 | Received a gift from Okawaru
 33751 | Shoals:4 | Noticed a kraken
 33955 | Shoals:4 | Slain by a tentacle

Levels and vault maps discovered:
D:1:      dpeg_arrival_three_smaller_balls, layout_basic, serial_forest,
          infiniplex_forest_straight_4, infiniplex_forest_lined_3,
          infiniplex_forest_straight_1, infiniplex_forest_pool,
          infiniplex_forest_lined_3_way, infiniplex_forest_lined_3,
          infiniplex_forest_end_3, minmay_small_reverse_x
D:2:      layout_loops_ring, lemuel_crystal_altar,
          eat_drink_and_be_merry_uskayaw, lightli_temple_of_fire,
          chequers_ecumenical_altar_grove, uniq_robin, uniq_sigmund
D:3:      layout_loops_ring, old_standard_altar
D:4:      layout_loops_ring, grunt_gozag_breadcrumbs,
          minmay_temple_entry_sparse_star, first_ration
D:5:      minmay_skewed_foursquare, layout_rooms,
          nicolae_qazlal_eye_of_the_storm, lemuel_crystal_altar, serial_shops,
          nicolae_shop_behind_doors
D:6:      layout_loops_corners, lemuel_doored_altar,
          cheibrodos_sewer_entry_drain, hangedman_decor_lopped,
          uniq_blork_the_orc
D:7:      layout_loops_cross, grunt_ogre_cave
D:8:      layout_rooms, grunt_dithmenos_smoke_and_mirrors, zin_purify,
          kennysheep_generic_room_8
D:9:      layout_layer_cave, dpeg_lair_monsters, basic_altar
D:10:     minmay_shrinking_squares, layout_loops_ring,
          okawaru_metal_pillars_1_2, uniq_erica, uniq_gastronok
D:11:     layout_roguey, kennysheep_orc_monster_closet_entryway, basic_altar
D:12:     layout_loops_cross
D:13:     layout_basic, david_vaults_3
D:14:     layout_gridville, minmay_misc_feat_room, drop_trap,
          grunt_decor_resistance, uniq_jorgrun, uniq_josephine
D:15:     grunt_enter_depths_snipers, layout_layer_cave, elyvilon_altar_5
Temple:   minmay_temple_forest_path
Lair:1:   layout_misc_corridors, chequers_serial_rivers_micro_c,
          minmay_lair_oklob_chamber, serial_bayou_shore_a
Lair:2:   minmay_guarded_unrand_snakebite, layout_small_grid, dummy_snake_entry,
          gammafunk_ghost_cemetery
Lair:3:   layout_roguey, uniq_snorg
Lair:4:   layout_cave_shapes, minmay_shoals_entry_hut, uniq_sonja
Lair:5:   layout_gridlike, slime_altar_1, infiniplex_staircase_pool
Lair:6:   minmay_lair_end_frog_pond, layout_regular_city
Shoals:1: layout_shoals, gammafunk_ghost_necromancy
Shoals:2: layout_shoals, nicolae_shoals_water_elemental_grotto
Shoals:3: layout_shoals
Shoals:4: shoals_end_hangedman, layout_shoals, uniq_donald
Orc:1:    layout_diamond_mine, trog_book
Orc:2:    st_orc_town, layout_caves, gammafunk_ghost_berserking_beasts,
          basic_altar, small_statue_alley_c

Skill      XL: |  1  2  3  4  5  6  7  8  9 10 11 12 13 14 15 16 |
---------------+-------------------------------------------------+-----
Shields        | 4 5 6 8 9 10 12 13 15 16 18 19 | 19.8
Fighting       | 4 5 6 7 9 10 11 13 14 15 | 15.8
Armour         | 4 5 7 8 9 11 12 13 14 15 | 15.2
Long Blades    | 3 4 5 6 8 10 12 13 14 15 16 17 | 17.6
Dodging        | 1 2 3 4 5 6 7 |  7.0
Stealth        | 1 |  1.7
Crossbows      | 2 3 |  3.2
Evocations     | 1 |  1.0
Invocations    | 1 |  1.4
Throwing       | |  0.7

Action                   |  1- 3 |  4- 6 |  7- 9 | 10-12 | 13-15 | 16-18 || total
-------------------------+-------+-------+-------+-------+-------+-------++-------
Melee: Long sword        |    76 |   171 |   501 |   813 |   960 |       ||  2521
       Headbutt          |    11 |    29 |    94 |   229 |   504 |   155 ||  1022
       Demon blade       |       |       |       |       |   772 |   546 ||  1318
       Scimitar          |       |       |       |       |    19 |       ||    19
 Fire: Hand crossbow     |       |       |       |    12 |     9 |       ||    21
Throw: Dart              |       |       |       |     8 |       |       ||     8
Invok: Heroism           |       |       |       |     6 |    12 |     3 ||    21
Evoke: Wand              |       |       |       |     6 |     9 |       ||    15
  Use: Potion            |       |     1 |       |     6 |     3 |     3 ||    13
       Scroll            |       |       |    14 |    14 |     9 |     4 ||    41
  Eat: Chunk             |       |     6 |    11 |    32 |    49 |    16 ||   114
       Ration            |       |       |     1 |     2 |       |       ||     3
Armor: Scale mail        |    46 |    59 |       |       |       |       ||   105
       Chain mail        |       |    37 |   200 |   174 |   588 |   150 ||  1149
       Plate armour      |       |       |    24 |   142 |       |       ||   166
Dodge: Dodged            |    31 |    65 |   189 |   230 |   469 |   162 ||  1146
Block: Shield            |    50 |   100 |   280 |   442 |  1188 |   552 ||  2612
       Reflection        |       |       |       |       |    17 |    42 ||    59
       Rpst.: Long sword |    10 |    11 |    56 |    51 |    69 |       ||   197
       Demon blade       |       |       |       |       |    46 |    30 ||    76
       Scimitar          |       |       |       |       |     1 |       ||     1

Table legend:
 A = Non-vault XP
 B = Vault XP
 C = Vault XP percentage of total XP
 D = Non-vault monster count
 E = Vault monster count
 F = Vault count percentage of total count
                 A         B        C        D         E       F
            +---------+---------+-------+---------+---------+-------
      Total |  135073 |   69298 |  33.9 |     718 |     297 |  29.3
            +---------+---------+-------+---------+---------+-------
        D:1 |      63 |       6 |   8.7 |      27 |       4 |  12.9
        D:2 |     108 |     266 |  71.1 |      20 |      13 |  39.4
        D:3 |      83 |       0 |   0.0 |      10 |       0 |   0.0
        D:4 |     207 |       0 |   0.0 |      20 |       0 |   0.0
        D:5 |     847 |     214 |  20.2 |      33 |       5 |  13.2
        D:6 |     821 |      90 |   9.9 |      22 |       3 |  12.0
        D:7 |    1234 |     121 |   8.9 |      22 |       1 |   4.3
        D:8 |    1187 |    2672 |  69.2 |      18 |       7 |  28.0
        D:9 |    3170 |     861 |  21.4 |      41 |       1 |   2.4
       D:10 |    1657 |    5383 |  76.5 |      35 |       8 |  18.6
       D:11 |    5725 |    1499 |  20.8 |      40 |      20 |  33.3
       D:12 |    5886 |    4427 |  42.9 |      23 |      18 |  43.9
       D:13 |   11046 |    1829 |  14.2 |      43 |       2 |   4.4
       D:14 |    8230 |    5141 |  38.4 |      40 |       7 |  14.9
       D:15 |   11969 |    2348 |  16.4 |      49 |       3 |   5.8
     Lair:1 |    1945 |    1092 |  36.0 |      10 |       2 |  16.7
     Lair:2 |    6541 |    3408 |  34.3 |      25 |      15 |  37.5
     Lair:3 |    5307 |    1134 |  17.6 |      24 |       1 |   4.0
     Lair:4 |    3184 |    1032 |  24.5 |      14 |       2 |  12.5
     Lair:5 |     605 |       0 |   0.0 |       4 |       0 |   0.0
     Lair:6 |   15772 |   12498 |  44.2 |      42 |      47 |  52.8
   Shoals:1 |   13496 |    5148 |  27.6 |      31 |      11 |  26.2
   Shoals:2 |   16579 |    1298 |   7.3 |      31 |       6 |  16.2
   Shoals:3 |   10387 |       0 |   0.0 |      23 |       0 |   0.0
   Shoals:4 |    4664 |    8742 |  65.2 |      10 |      10 |  50.0
      Orc:1 |    2758 |       0 |   0.0 |      34 |       0 |   0.0
      Orc:2 |    1602 |    9728 |  85.9 |      27 |      63 |  70.0
      Sewer |       0 |     361 | 100.0 |       0 |      48 | 100.0
            +---------+---------+-------+---------+---------+-------
